 Dungeon Crawl Stone Soup version 0.30-a0-777-ga9a30cbeda (webtiles) character file.

Game seed: 2826099321242412862

37 Esekla the Sneak (level 3, -2/20 HPs)
             Began as a Vine Stalker Delver on Feb 14, 2023.
             Was an Initiate of Vehumet.
             Slain by a mummy (5 damage)
             ... in an ossuary.
             The game lasted 00:05:02 (631 turns).

Esekla the Sneak (Vine Stalker Delver)               Turns: 631, Time: 00:05:02

Health: -2/20      AC:  3    Str: 14    XL:     3   Next: 39%
Magic:  0/5        EV: 11    Int: 12    God:    Vehumet [......]
Gold:   9          SH:  0    Dex: 15    Spells: 4/4 levels left

rFire   . . .      SeeInvis .    a - +0 falchion
rCold   . . .      Faith    .    (no shield)
rNeg    . . .      Spirit   +    b - +0 leather armour
rPois   .          Reflect  .    (no helmet)
rElec   .          Harm     .    (no cloak)
rCorr   .          Rampage  .    (no gloves)
Will    .....                    (no boots)
Stlth   +++                      (no amulet)
HPRegen 0.23/turn                (no ring)
MPRegen 0.09/turn                (no ring)

@: hasted, very quick
A: fangs 2, magic shield, antimagic bite, no potion heal 2
a: Renounce Religion


You were in an ossuary.
You worshipped Vehumet.
Vehumet was noncommittal.
You visited 2 branches of the dungeon, and saw 2 of its levels.
You also visited: Ossuary.

You collected 9 gold pieces.

Inventory:

Hand Weapons
 a - a +0 falchion (weapon)
Armour
 b - a +0 leather armour (worn)
Wands
 g - a wand of digging (3)
Scrolls
 c - a scroll of fog
 e - a scroll of fear
 i - a scroll of brand weapon {unknown}
Potions
 d - a potion of heal wounds {unknown}
 h - a potion of brilliance {unknown}
 j - a potion of might {unknown}


   Skills:
 * Level 3.0 Fighting
 * Level 2.0 Long Blades
 + Level 0.2 Armour
 + Level 1.6 Dodging
 + Level 6.5 Stealth
 * Level 1.2 Spellcasting


You had 4 spell levels left.
You didn't know any spells.
Your spell library was empty.

Dungeon Overview and Level Annotations

Branches:
Dungeon (5/15)             Temple (1/1) D:5         Ossuary (1/1)

Altars:
Ashenzari
Cheibriados
Dithmenos
Elyvilon
Fedhas
Gozag
Hepliaklqana
Kikubaaqudgha
Makhleb
Nemelex Xobeh
Okawaru
Qazlal
Sif Muna
Trog
Vehumet
Wu Jian
Zin


Innate Abilities, Weirdness & Mutations

You have extremely sharp teeth.
When hurt, damage is shared between your health and your magic reserves.
Your bite disrupts and absorbs the magic of your enemies.
Potions cannot restore your health.


Message History

Which direction?
You close the door.
There is an open door here.
A mummy comes into view.
You open the door.
A rat zombie and a hobgoblin zombie come into view.
You close the door.
You hit the mummy. You bite the mummy, but do no damage.
The mummy is moderately damaged.
The mummy hits you!
Ouch! That really hurt!
There is an open door here.
You close the door.
You start resting.
HP restored.
You open the door.
There is an open door here.
You hit the mummy. You bite the mummy, but do no damage.
The mummy is moderately damaged.
The mummy barely misses you.
You hit the mummy but do no damage.
The mummy is moderately damaged.
The mummy hits you!
Ouch! That really hurt!
* * * LOW HITPOINT WARNING * * *
There is an open door here.
You close the door.
You start resting.
Something unseen opens the door.
You closely miss the mummy.
The mummy is moderately damaged.
The mummy hits you!
You barely miss the mummy.
The mummy is moderately damaged.
You barely miss the mummy.
The mummy is moderately damaged.
The mummy hits you.
* * * LOW HITPOINT WARNING * * *
You feel yourself speed up. The mummy hits you.
You die...

#....#.'..# #....###..#
###+#######.#..#
#...Z#...Z#.#..#
#....#....#.'..# #...
#....###..# #..
#....+.#..#
##+##+#########.#..#
#.ZZ#.M@#...#...#..#
##+###'###'###'###'###..#
.M...............M.......#
........................∩#
##########################


You could see a mummy.

Vanquished Creatures
  A mummy (D:5)
  An adder (D:5)
  An adder zombie (Ossuary)
  3 orcs (D:5)
  A gnoll zombie (Ossuary)
  3 goblin zombies (Ossuary)
  2 hobgoblin zombies (Ossuary)
  A kobold zombie (Ossuary)
13 creatures vanquished.

Notes
Turn   | Place    | Note
-------+----------+-------------------------------------------
     0 | D:5      | Esekla the Vine Stalker Delver began the quest for the Orb.
     0 | D:5      | Reached XP level 1. HP: 11/11 MP: 2/2
    28 | D:5      | Found a staircase to the Ecumenical Temple.
    38 | D:5      | Reached XP level 2. HP: 1/16 MP: 1/3
    44 | Temple   | Entered the Ecumenical Temple
   149 | Temple   | Became a worshipper of Vehumet
   193 | D:5      | Reached skill level 1 in Spellcasting
   306 | D:5      | Found a sand-covered staircase.
   323 | D:5      | Reached XP level 3. HP: 6/20 MP: 1/5
   384 | Ossuary  | Entered an ossuary
   631 | Ossuary  | Slain by a mummy

Illustrated notes

Levels and vault maps discovered:
D:5:      layout_loops_ring, minmay_temple_entry_arrows,
          gup_ossuary_entry_pyramid
Temple:   nicolae_temple_bog_church
Ossuary:  ossuary_boxes_badplayer

Skill      XL: |  1  2 |
---------------+-------+-----
Spellcasting   | 1 |  1.2
Fighting       | 3 |  3.0
Long Blades    | 2 |  2.0
Armour         | |  0.2
Dodging        | |  1.6
Stealth        | |  6.5

Action                     || total
---------------------------++-------
  Melee: Falchion          ||    62
         Bite              ||    16
         Punch             ||     1
    Use: Scroll            ||     1
         Potion            ||     1
   Stab: Sleeping          ||     6
 Armour: Leather armour    ||     8
  Dodge: Dodged            ||    27

Table legend: (Time is in decaauts)
 A = Elapsed time spent in this place.
 B = Non-inter-level travel time spent in this place.
 C = Inter-level travel time spent in this place.
 D = Time resting spent in this place.
 E = Time spent auto-exploring this place.
 F = Levels seen in this place.
 G = Mean time per level.
                   A        B        C        D        E       F      G
               +--------+--------+--------+--------+--------+-----+--------+
         Total |    645 |    625 |     20 |     99 |     87 |   3 |  215.0 |
       Dungeon |    264 |    264 |      0 |     57 |      0 |   1 |  264.0 |
        Temple |    127 |    107 |     20 |      0 |     87 |   1 |  127.0 |
       Ossuary |    253 |    253 |      0 |     42 |      0 |   1 |  253.0 |
               +--------+--------+--------+--------+--------+-----+--------+

Top non-repeatable levels by time:
     D:5: 264 daAuts
 Ossuary: 253 daAuts
  Temple: 127 daAuts
